 Dungeon Sprint DCSS version 0.21.1-1-g345015fe64 (webtiles) character file.

7870 Jannitor the Unseen (level 11, -2/97 HPs)
             Began as a Vine Stalker Berserker on June 4, 2018.
             Was a High Priest of Trog.
             Engulfed by a cloud of steam (8 damage)
             ... in the Dungeon (Sprint I: "Red Sonja").
             The game lasted 00:05:03 (882 turns).

Jannitor the Unseen (Vine Stalker Berserker)         Turns: 882, Time: 00:05:03

Health: -2/97      AC:  2    Str: 26    XL:     11   Next: 22%
Magic:  0/12       EV: 20    Int:  7    God:    Trog [*****.]
Gold:   703        SH:  0    Dex: 16    Spells: 10/10 levels left

rFire    . . .     SeeInvis .   n - +3 dagger (venom)
rCold    . . .     Gourm    .   (no shield)
rNeg     . . .     Faith    .   b - +0 animal skin
rPois    .         Spirit   +   (no helmet)
rElec    .         Reflect  .   (no cloak)
rCorr    .         Harm     .   (no gloves)
MR       +++..     NoTele   +   (no boots)
Stlth    ..........             (no amulet)
HPRegen  1.66/turn              (no ring)
MPRegen  0.13/turn              (no ring)

@: berserking, regenerating, very quick
A: fangs 3, regeneration 1, magic shield, antimagic bite, no potion heal 3, rot
immunity
a: Berserk, Trog's Hand, Brothers in Arms, Burn Spellbooks, Renounce Religion


You were in the Dungeon.
You worshipped Trog.
Trog was extremely pleased with you.
You were not hungry.

You visited 1 branch You collected 991 gold pieces.
You spent 288 gold pieces at shops.

Inventory:

Hand Weapons
 a - a +0 short sword
 c - a +5 antimagic rapier
 l - a +3 short sword of venom
 n - a +3 dagger of venom (weapon)
Armour
 b - a +0 animal skin (worn)
Scrolls
 i - 2 scrolls of blinking
 o - a scroll of fog
 p - a scroll of fear
Potions
 d - a potion of curing
 e - a potion of heal wounds
 f - a potion of haste
 g - 2 potions of magic
Comestibles
 j - a ration
 k - 5 chunks of flesh


   Skills:
 + Level 11.4 Fighting
 + Level 11.4 Short Blades
 - Level 1.5 Armour
 + Level 10.4 Dodging
 * Level 20.1 Stealth


You had 10 spell levels left.
You didn't know any spells.

Dungeon Overview and Level Annotations

Branches:
Dungeon (1/1)

Altars:
Cheibriados
Dithmenos
Elyvilon
Fedhas
Gozag
Hepliaklqana
Kikubaaqudgha
Makhleb
Nemelex Xobeh
Okawaru
Qazlal
Ru
Sif Muna
Trog
Uskayaw
Vehumet
Wu Jian
Xom
Yredelemnul
Zin
The Shining One
Jiyva
Lugonu

Shops:
D ?


Innate Abilities, Weirdness & Mutations

You have razor-sharp teeth.
Your natural rate of healing is unusually fast.
When hurt, damage is shared between your health and your magic reserves.
Your bite disrupts and absorbs the magic of your enemies.
Potions cannot restore your health.
You are immune to rotting.


Message History

* * * LOW HITPOINT WARNING * * *
You see here 27 gold pieces.
Unknown command.
You are engulfed in a cloud of scalding steam.
* * * LOW HITPOINT WARNING * * *
You see here a potion of heal wounds.
Unknown command.
That would not heal you.
Unknown command.
Unknown command.
Your skin crawls.
You feel resistant to hostile enchantments.
You feel somewhat more hungry.
You are engulfed in a cloud of scalding steam.
* * * LOW HITPOINT WARNING * * *
Unknown command.
A red film seems to cover your vision as you go berserk!
You feel yourself moving faster!
You feel mighty!
You are engulfed in a cloud of scalding steam.
You die...

###################**********
§§§§§§§§§.#^^'§§§§#,,,,,,,,,*
#§§§§.##..'§§#§§§§##,,,,,,,,*
##§§§#######+#§§@§§#****,,,,*
,###§#,,,**,,#§§§§§#,,,*,,,,*
,*,#.#*,,,*,,##$$§§#,∩,*,,,,*
,**#..###$#,,≈###+##,,,*,,,,*
,,,##.#A#$#,,≈,,*,****+*,,,,*
,,,*,.###$#,,≈,**+*,,,,**,,,*
++**,##..$#,,≈**,,,,,,,,**,,*
,***,,*+###,,≈*,,,,,,,,,,*,,*
,,***,,,*,≈,,**,,,,,,,,,,**,*


There were no monsters in sight!

Vanquished Creatures
  A hydra (D)
  2 centaur warriors (D)
  Sonja (D)
  A lindwurm (D)
  An oklob plant (D)
  A gargoyle (D)
  2 kobold demonologists (D)
  A demonic crawler (D)
  A hornet (D)
  A slime creature (D)
  2 redbacks (D)
  Sigmund (D)
  13 hogs (D)
  A yak (D)
  2 floating eyes (D)
  An ogre (D)
  A jelly (D)
  Ijyb (D)
34 creatures vanquished.

Vanquished Creatures (collateral kills)
  3 demonic crawlers (D)
3 creatures vanquished.

Grand Total: 37 creatures vanquished

Notes
Turn   | Place    | Note
-------+----------+-------------------------------------------
     0 | D        | Jannitor the Vine Stalker Berserker began the quest for the Orb.
     0 | D        | Reached XP level 1. HP: 11/11 MP: 2/2
     1 | D        | Noticed Ijyb
     9 | D        | Killed Ijyb
     9 | D        | Reached skill level 4 in Stealth
     9 | D        | Reached XP level 2. HP: 16/16 MP: 3/3
     9 | D        | Reached XP level 3. HP: 20/20 MP: 4/4
    11 | D        | Noticed an ogre
    15 | D        | Killed an ogre
    15 | D        | Reached skill level 7 in Stealth
    15 | D        | Gained mutation: Your natural rate of healing is unusually fast. [Vine Stalker growth]
    15 | D        | Reached XP level 4. HP: 26/26 MP: 5/5
    43 | D        | Noticed Sigmund
    51 | D        | Killed Sigmund
    51 | D        | Reached ** piety under Trog
    51 | D        | Reached skill level 5 in Fighting
    51 | D        | Reached skill level 5 in Short Blades
    51 | D        | Reached skill level 10 in Stealth
    51 | D        | Reached XP level 5. HP: 23/32 MP: 2/6
    51 | D        | Reached XP level 6. HP: 26/36 MP: 2/7
   102 | D        | Found a deep blue altar of Sif Muna.
   103 | D        | Found an ornate altar of the Wu Jian Council.
   104 | D        | Found a radiant altar of Vehumet.
   130 | D        | Found Jona's Magic Scroll Emporium.
   130 | D        | Found an ancient bone altar of Kikubaaqudgha.
   130 | D        | Found a hazy altar of Hepliaklqana.
   130 | D        | Found a hide-covered altar of Uskayaw.
   130 | D        | Found a basalt altar of Yredelemnul.
   130 | D        | Found an opulent altar of Gozag.
   130 | D        | Found a snail-covered altar of Cheibriados.
   130 | D        | Found a sacrificial altar of Ru.
   130 | D        | Found a shadowy altar of Dithmenos.
   130 | D        | Noticed a yak
   151 | D        | Killed a yak
   151 | D        | Reached skill level 5 in Dodging
   151 | D        | Reached skill level 11 in Stealth
   194 | D        | Found a stormy altar of Qazlal.
   194 | D        | Found a blossoming altar of Fedhas.
   194 | D        | Found a bloodstained altar of Trog.
   194 | D        | Found an iron altar of Okawaru.
   194 | D        | Found a glowing silver altar of Zin.
   208 | D        | Noticed Sonja
   212 | D        | Killed Sonja
   212 | D        | Reached *** piety under Trog
   212 | D        | Reached skill level 13 in Stealth
   212 | D        | Reached XP level 7. HP: 42/42 MP: 8/8
   212 | D        | Gained mutation: You have razor-sharp teeth. [Vine Stalker growth]
   212 | D        | Reached XP level 8. HP: 47/47 MP: 9/9
   233 | D        | Found a glowing golden altar of the Shining One.
   233 | D        | Found a white marble altar of Elyvilon.
   235 | D        | Found a sparkling altar of Nemelex Xobeh.
   239 | D        | Bought a scroll of enchant weapon for 90 gold pieces
   239 | D        | Bought a scroll of magic mapping for 42 gold pieces
   239 | D        | Bought a scroll of blinking for 90 gold pieces
   239 | D        | Bought a scroll of fog for 24 gold pieces
   239 | D        | Bought a scroll of fear for 42 gold pieces
   251 | D        | Noticed a centaur warrior
   252 | D        | Noticed a centaur warrior
   261 | D        | Killed a centaur warrior
   261 | D        | Reached skill level 15 in Stealth
   268 | D        | Killed a centaur warrior
   268 | D        | Reached skill level 16 in Stealth
   268 | D        | Reached XP level 9. HP: 29/53 MP: 7/10
   316 | D        | Noticed a hornet
   319 | D        | Killed a hornet
   319 | D        | Reached **** piety under Trog
   330 | D        | Noticed an oklob plant
   332 | D        | Killed an oklob plant
   338 | D        | Reached skill level 17 in Stealth
   346 | D        | Reached ***** piety under Trog
   426 | D        | Found a viscous altar of Jiyva.
   426 | D        | Found a corrupted altar of Lugonu.
   427 | D        | Found a burning altar of Makhleb.
   427 | D        | Found a shimmering altar of Xom.
   429 | D        | Reached XP level 10. HP: 59/59 MP: 11/11
   442 | D        | Noticed a kobold demonologist
   443 | D        | Noticed a kobold demonologist
   449 | D        | Noticed a soul eater
   450 | D        | Killed a kobold demonologist
   450 | D        | Reached skill level 10 in Fighting
   450 | D        | Reached skill level 10 in Short Blades
   457 | D        | Killed a kobold demonologist
   457 | D        | Received a gift from Trog
   489 | D        | Reached skill level 18 in Stealth
   579 | D        | Noticed a gargoyle
   608 | D        | Killed a gargoyle
   668 | D        | Noticed a lindwurm
   672 | D        | Killed a lindwurm
   710 | D        | Received a gift from Trog
   710 | D        | Reached skill level 19 in Stealth
   744 | D        | Reached skill level 10 in Dodging
   753 | D        | Received a gift from Trog
   761 | D        | Reached XP level 11. HP: 22/65 MP: 4/12
   847 | D        | Noticed a daeva
   852 | D        | Noticed a 12-headed hydra
   854 | D        | Killed a 12-headed hydra
   854 | D        | Reached skill level 20 in Stealth
   881 | D        | HP: 2/65 [something (5)]
   882 | D        | Engulfed by a cloud of steam

Skill      XL: |  1  2  3  4  5  6  7  8  9 10 11 |
---------------+----------------------------------+-----
Fighting       | 3 4 5 7 9 11 | 11.4
Short Blades   | 3 4 5 7 9 11 | 11.4
Dodging        | 2 3 4 6 8 10 | 10.4
Stealth        | 4 7 10 13 16 17 19 20 | 20.1
Armour         | |  1.5

Action                   |  1- 3 |  4- 6 |  7- 9 | 10-12 || total
-------------------------+-------+-------+-------+-------++-------
Melee: Short sword       |     8 |    28 |    23 |    11 ||    70
       Bite              |     3 |    11 |     8 |    45 ||    67
       Dagger            |       |       |       |    62 ||    62
       Rapier            |       |       |       |    25 ||    25
Invok: Berserk           |     1 |     2 |     1 |     2 ||     6
       Brothers in Arms  |       |       |       |     3 ||     3
       Trog's Hand       |       |       |       |     3 ||     3
  Use: Scroll            |       |       |     2 |     1 ||     3
       Potion            |       |       |       |     3 ||     3
 Stab: Sleeping          |       |     2 |     4 |     5 ||    11
  Eat: Chunk             |       |       |     2 |     3 ||     5
       Ration            |       |       |       |     1 ||     1
Armor: Animal skin       |       |       |       |     2 ||     2
Dodge: Dodged            |     4 |    11 |    14 |    69 ||    98
